 Dungeon Crawl Stone Soup version 0.30-a0-118-ga018f8e90f (webtiles) character file.

Game seed: 8977266887564138177

5 Catman933 the Trooper (level 1, -2/18 HPs)
             Began as a Human Cinder Acolyte on Sept 14, 2022.
             Was a High Priest of Ignis.
             Frozen to death by an endoplasm (3 damage)
             ... on level 1 of the Dungeon.
             The game lasted 00:00:57 (389 turns).

Catman933 the Trooper (Human Cinder Acolyte)         Turns: 389, Time: 00:00:58

Health: -2/18      AC:  2    Str: 14    XL:     1   Next: 88%
Magic:  2/2        EV: 11    Int: 14    God:    Ignis [*****.]
Gold:   4          SH:  0    Dex:  8    Spells: 2/2 levels left

rFire   + . .      SeeInvis .    a - -1 short sword (flame)
rCold   . . .      Faith    .    (no shield)
rNeg    . . .      Spirit   .    b - +0 robe
rPois   .          Reflect  .    (no helmet)
rElec   .          Harm     .    (no cloak)
rCorr   .          Rampage  .    (no gloves)
Will    .....                    (no boots)
Stlth   +.........               (no amulet)
HPRegen 0.06/turn                (no ring)
MPRegen 0.08/turn                (no ring)

@: no status effects
A: no striking features
a: Renounce Religion, Fiery Armour, Foxfire Swarm, Rising Flame


You were on level 1 of the Dungeon.
You worshipped Ignis.
Ignis was extremely pleased with you.
You visited 1 branch of the dungeon, and saw 1 of its levels.

You collected 4 gold pieces.

Inventory:

Hand Weapons
 a - a -1 short sword of flaming (weapon)
Armour
 b - a +0 robe (worn)
Scrolls
 c - a scroll of identify {unknown}
Potions
 d - a potion of heal wounds {unknown}
 e - a potion of berserk rage {unknown}


   Skills:
 + Level 3.3 Fighting
 + Level 3.1 Short Blades
 + Level 1.0 Spellcasting
 + Level 3.0 Fire Magic


You had 2 spell levels left.
You didn't know any spells.
Your spell library contained the following spells:

 Spells                   Type           Power      Damage    Failure   Level
 Scorch                   Fire           18%        2d5       12%         2


Dungeon Overview and Level Annotations

Branches:
Dungeon (1/15)

Altars:


Message History

You hit the goblin. You burn the goblin.
The goblin is heavily wounded.
You hit the goblin. You burn the goblin.
You kill the goblin!
Found a club.
You see here a +0 dagger.
Found 15 gold pieces.
The kobold barely misses you.
You see here 9 gold pieces.
You hit the kobold but do no damage. The kobold hits you with a +0 club.
You closely miss the kobold. The kobold hits you with a +0 club.
You hit the kobold but do no damage. The kobold barely misses you.
You closely miss the kobold. The kobold hits you with a +0 club.
An endoplasm comes into view.
You are too injured to fight recklessly!
You are too injured to fight recklessly!
You are too injured to fight recklessly!
You barely miss the kobold.
The endoplasm quivers.
You barely miss the kobold. The kobold hits you with a +0 club.
A rat comes into view.
You barely miss the kobold. The kobold barely misses you.
You hit the kobold but do no damage. The kobold hits you but does no damage.
You closely miss the kobold. The kobold hits you with a +0 club.
* * * LOW HITPOINT WARNING * * *
The kobold attacks as you move away! The kobold barely misses you.
You see here a +0 dagger.
The kobold attacks as you move away! The kobold misses you.
The kobold attacks as you move away! The kobold barely misses you.
The kobold attacks as you move away! The kobold hits you with a +0 club.
* * * LOW HITPOINT WARNING * * *
You see here 4 poisoned darts.
The kobold attacks as you move away! The kobold hits you with a +0 club.
* * * LOW HITPOINT WARNING * * *
You completely miss the kobold. The kobold misses you.
You hit the kobold but do no damage. You barely miss the kobold.
The kobold barely misses you.
You hit the kobold but do no damage. The endoplasm freezes you.
You are frozen.
You die...

#...##...............#....
###.....###............#..
.......## #...............
.####.(####...............
.......÷..................
#####..####.....(...)#....
#..!###...............
..........÷..KJ..##.#..
.##.####.####.@..## .# ..
#.# #.........# . ..
..........# ..
...........#
.............#
...............
######....... #.#......


You could see an endoplasm and a kobold.

Vanquished Creatures
  A goblin (D:1)
  2 hobgoblins (D:1)
  A ball python (D:1)
  A bat (D:1)
5 creatures vanquished.

Notes
Turn   | Place    | Note
-------+----------+-------------------------------------------
     0 | D:1      | Catman933 the Human Cinder Acolyte began the quest for the
                  | Orb.
     0 | D:1      | Reached XP level 1. HP: 18/18 MP: 2/2
   389 | D:1      | Frozen to death by an endoplasm

Illustrated notes

Levels and vault maps discovered:
D:1:      eino_arrival_water_star, layout_rooms,
          hellmonk_ecumenical_altar_crossroads, kennysheep_flooded_box,
          minmay_tromino_v4_c

Action                   || total
-------------------------++-------
Melee: Short sword       ||    52
Armor: Robe              ||    13
Dodge: Dodged            ||    44

Table legend: (Time is in decaauts)
 A = Elapsed time spent in this place.
 B = Non-inter-level travel time spent in this place.
 C = Inter-level travel time spent in this place.
 D = Time resting spent in this place.
 E = Time spent auto-exploring this place.
 F = Levels seen in this place.
 G = Mean time per level.
                   A        B        C        D        E       F      G
               +--------+--------+--------+--------+--------+-----+--------+
         Total |    381 |    381 |      0 |    257 |     42 |   1 |  381.0 |
       Dungeon |    381 |    381 |      0 |    257 |     42 |   1 |  381.0 |
               +--------+--------+--------+--------+--------+-----+--------+

Top non-repeatable levels by time:
     D:1: 381 daAuts
